AoeStats
← caltan

Arena

509194802Analyzed
4v4 RM · 8d ago on Sep 25, 2026· 44m 11s· 8 players
Game mode
Random Map
Map size
Large (8 player)
Population
200
Speed
Normal
Resources
Standard
Victory
Conquest
Starting age
Dark Age
Ending age
Imperial Age
RankedLock teamsTeams togetherTeam positionsShared explorationLock speedFull tech treeHidden civsTurbo modeCheats
Victory
Defeat
🇹🇷 Turks · Türkiye
1159
+16
🇹🇷 Cumans · Türkiye
1082
+19
🇺🇸 Inca · United States
1068
+19
🇹🇷 Britons · Türkiye
986
+23
🇨🇱 Japanese · Chile
1157
-20
🇨🇱 Huns · Chile
1142
-19
🇮🇳 Khmer · India
1135
-19
🇨🇳 Franks · China
1128
-19
newats2007
10:47 Feudal Age
10:17 Loom
13:44 Castle Age
27:13 Forging
30:08 Imperial Age
28:16 Double-Bit Axe
28:34 Fletching
28:45 Padded Archer Armor
29:43 Gold Mining
30:28 Horse Collar
31:54 Double Crossbow
32:56 Conscription
34:03 Wheelbarrow
33:14 Town Watch
33:34 Heavy Plow
33:46 Bow Saw
33:46 Scale Barding Armor
33:42 Scale Mail Armor
33:41 Bodkin Arrow
33:26 Light Cavalry
37:34 Iron Casting
37:00 Bracer
37:16 Leather Archer Armor
38:01 Gold Shaft Mining
37:47 Hand Cart
38:48 Crop Rotation
37:42 Pikeman
38:37 Halberdier
省委高育良
9:49 Feudal Age
14:28 Castle Age
13:12 Double-Bit Axe
24:18 Bow Saw
24:44 Gold Mining
24:47 Stone Mining
26:44 Gold Shaft Mining
29:26 Imperial Age
28:06 Wheelbarrow
28:43 Fortified Wall
30:56 Wheelbarrow
30:56 Scale Barding Armor
31:01 Forging
31:20 Conscription
31:01 Chivalry
32:01 Hand Cart
31:34 Town Watch
31:35 Loom
31:22 Light Cavalry
31:23 Cavalier
32:07 Husbandry
32:20 Husbandry
33:31 Iron Casting
33:16 Chain Barding Armor
33:05 Paladin
39:49 Blast Furnace
39:24 Plate Barding Armor
39:47 Squires
39:35 Arson
39:54 Scale Mail Armor
42:18 Pikeman
42:50 Halberdier
44:30 Chain Mail Armor
Calcetin
12:03 Feudal Age
12:24 Loom
16:14 Castle Age
14:52 Horse Collar
15:00 Double-Bit Axe
22:23 Forging
24:18 Bloodlines
25:19 Scale Barding Armor
27:07 Chain Barding Armor
29:09 Elite Skirmisher
30:37 Thumb Ring
Tesorito
9:02 Loom
11:55 Feudal Age
10:11 Loom
16:25 Castle Age
15:28 Double-Bit Axe
15:27 Horse Collar
17:29 Wheelbarrow
18:07 Bow Saw
22:49 Forging
22:40 Scale Mail Armor
24:16 Scale Mail Armor
26:48 Chain Mail Armor
29:17 Hand Cart
29:56 Town Watch
31:40 Town Patrol
Kori
9:22 Feudal Age
10:38 Double-Bit Axe
11:01 Horse Collar
16:59 Wheelbarrow
21:03 Castle Age
19:59 Loom
20:09 Gold Mining
20:10 Stone Mining
23:20 Hand Cart
23:25 Bow Saw
23:39 Heavy Plow
26:05 Gold Shaft Mining
30:28 Imperial Age
28:46 Forging
28:46 Scale Barding Armor
30:12 Bloodlines
30:15 Town Watch
30:36 Cavalier
31:39 Chain Barding Armor
32:55 Two-Man Saw
32:26 Crop Rotation
32:11 Paladin
34:15 Plate Barding Armor
34:57 Iron Casting
37:01 Guilds
38:52 Conscription
39:59 Fletching
40:10 Padded Archer Armor
41:12 Blast Furnace
42:19 Chemistry
43:02 Elite Kipchak
43:40 Bodkin Arrow
44:00 Leather Archer Armor
44:10 Ballistics
caltan
13:25 Feudal Age
14:15 Horse Collar
14:23 Double-Bit Axe
14:58 Gold Mining
18:07 Castle Age
22:20 Imperial Age
20:30 Heavy Plow
20:57 Bow Saw
22:07 Wheelbarrow
23:15 Loom
30:32 Hand Cart
34:44 Town Watch
36:05 Padded Archer Armor
37:27 Two-Man Saw
42:12 Scale Barding Armor
42:17 Forging
43:21 Chain Barding Armor
43:45 Bloodlines
42:56 Heavy Camel Rider
43:37 Husbandry
ImJoker
11:18 Feudal Age
16:09 Castle Age
20:21 Padded Archer Armor
20:12 Fletching
28:34 Wheelbarrow
28:34 Double-Bit Axe
29:56 Leather Archer Armor
29:39 Horse Collar
33:54 Bow Saw
34:47 Crossbowman
39:50 Imperial Age
38:01 Hand Cart
37:58 Bodkin Arrow
38:20 Gold Mining
38:35 Heavy Plow
40:20 Ballistics
41:51 Two-Man Saw
41:54 Chemistry
41:51 Arbalester
茶道
12:15 Feudal Age
15:02 Double-Bit Axe
17:50 Castle Age
15:20 Champi Runner
16:11 Scale Mail Armor
16:22 Forging
15:58 Horse Collar
16:07 Loom
17:14 Gold Mining
19:11 Chain Mail Armor
18:19 Champi Warrior
19:21 Arson
22:35 Iron Casting
23:23 Stone Mining
25:04 Bow Saw
26:28 Fletching
28:55 Bodkin Arrow
29:31 Thumb Ring
30:19 Squires
30:44 Town Watch
32:25 Wheelbarrow
32:14 Ballistics
32:11 Heavy Plow
32:46 Gold Shaft Mining
35:26 Andean Sling
37:56 Town Patrol
38:12 Hand Cart
41:16 Imperial Age
39:31 Stone Shaft Mining
39:05 Padded Archer Armor
41:22 Elite Kamayuk
41:40 Elite Champi Warrior
42:47 Murder Holes
43:04 Masonry
43:53 Conscription
44:09 Conscription
44:11 Fabric Shields
Connection lost

Rejoining the realm…

Still unreachable

The connection could not be restored.

Session expired

The server has moved on; the page needs a fresh start.